 Dungeon Crawl Stone Soup version 0.26-a0-639-g72c4674 (webtiles) character file.

Game seed: 3776427724780438435

7646 royokou the Destroyer (level 10, -1/59 HPs)
             Began as a Deep Elf Conjurer on Sept 18, 2020.
             Was a Believer of Vehumet.
             Slain by a black mamba (14 damage)
             ... on level 1 of the Lair of Beasts.
             The game lasted 01:05:46 (13080 turns).

royokou the Destroyer (Deep Elf Conjurer)          Turns: 13080, Time: 01:05:46

Health: -1/59      AC: 12    Str:  7    XL:     10   Next: 99%
Magic:  26/33      EV: 31    Int: 24    God:    Vehumet [**....]
Gold:   609        SH:  0    Dex: 13    Spells: 7/26 levels left

rFire    . . .     SeeInvis +   R - +1 broad axe
rCold    . . .     Faith    .   (no shield)
rNeg     . . .     Spirit   .   S - +0 steam dragon scales
rPois    .         Reflect  .   g - +0 helmet
rElec    .         Harm     .   W - +0 cloak
rCorr    .         Rampage  .   n - +1 pair of gloves
MR       +....                  E - +2 pair of boots
Stlth    ++........             w - amulet of the acrobat
HPRegen  0.19/turn              r - ring of magical power
MPRegen  0.23/turn              l - ring of see invisible

@: lethally poisoned (-1 -> -13), acrobat
A: no striking features
a: Renounce Religion


You were on level 1 of the Lair of Beasts.
You worshipped Vehumet.
Vehumet was pleased with you.
You visited 3 branches of the dungeon, and saw 12 of its levels.

You collected 609 gold pieces.

Inventory:

Hand Weapons
 f - a +0 club
 i - a +0 dagger
 m - a +3 whip
 s - a +4 dagger
 u - a +1 short sword of electrocution
 A - a +0 falchion
 F - the +3 flail of the Unseen Realm {protect, Fragile rElec rPois rC-, unknown}
   (You found it on level 5 of the Dungeon)

   It grants its wielder temporary protection when it strikes (+7 to AC).
   It makes you vulnerable to cold.
   It insulates you from electricity.
   It protects you from poison.
   It will be destroyed if unequipped.
 M - a +1 glaive of draining
 R - a +1 broad axe (weapon)
Armour
 g - a +0 helmet (worn)
 n - a +1 pair of gloves (worn)
 C - a +0 kite shield
 D - a +2 robe of positive energy
 E - a +2 pair of boots (worn)
 Q - a +2 robe of fire resistance
 S - +0 steam dragon scales (worn)
 W - a +0 cloak (worn)
Jewellery
 l - a ring of see invisible (right hand)
 r - a ring of magical power (left hand)
 w - an amulet of the acrobat (around neck)
 x - an uncursed ring of flight
 G - an uncursed ring of protection from fire
 T - an uncursed ring of ice
 X - an uncursed ring of magical power
 Y - an uncursed amulet of reflection
Wands
 K - a wand of enslavement (6)
 V - a wand of random effects (13)
Scrolls
 a - a scroll of blinking
 b - 2 scrolls of fog
 d - a scroll of identify
 o - 4 scrolls of magic mapping
 p - 3 scrolls of noise
 y - 3 scrolls of teleportation
 z - a scroll of immolation
 B - 4 scrolls of remove curse
 N - 5 scrolls of amnesia
Potions
 c - a potion of degeneration
 e - 2 potions of stabbing
 h - 3 potions of lignification
 j - a potion of ambrosia
 k - 2 potions of brilliance
 q - a potion of heal wounds
 t - a potion of invisibility
 v - 2 potions of berserk rage
 I - 2 potions of might
 J - a potion of haste
 L - 2 potions of mutation
 U - a potion of magic


   Skills:
 * Level 5.1 Fighting
 - Level 8.0 Dodging
 - Level 2.4 Stealth
 * Level 5.1 Shields
 - Level 8.6 Spellcasting
 + Level 10.5 Conjurations
 - Level 5.6 Hexes
 - Level 4.2 Summonings
 - Level 4.0 Translocations


You had 7 spell levels left.
You knew the following spells:

 Your Spells              Type           Power        Failure   Level
a - Magic Dart            Conj           ####         1%          1
b - Searing Ray           Conj           ######       1%          2
c - Dazzling Flash        Conj/Hex       #####.       1%          3
d - Iskenderun's Mystic   Conj/Tloc      #####...     3%          4
e - Fulminant Prism       Conj/Hex       #####.....   2%          4
f - Call Imp              Summ           ####....     1%          2
g - Summon Guardian Gole  Hex/Summ       ####....     2%          3

Your spell library contained the following spells:

 Spells                   Type           Power        Failure   Level
 Freeze                   Ice            ##..         6%          1
 Apportation              Tloc           ####..       1%          1
 Corona                   Hex            #####..      1%          1
 Summon Small Mammal      Summ           ####         1%          1
 Confusing Touch          Hex            #####...     1%          3
 Tukima's Dance           Hex            #####...     1%          3
 Ensorcelled Hibernation  Hex/Ice        ###...       3%          2
 Call Canine Familiar     Summ           ####....     3%          3
 Animate Skeleton         Necr           ##....       6%          1
 Summon Ice Beast         Ice/Summ       ###.....     26%         4
 Summon Lightning Spire   Summ/Air       ###.....     26%         4


Dungeon Overview and Level Annotations

Branches:
Dungeon (10/15)            Temple (1/1) D:6            Lair (1/6) D:10
    Orc (0/2) D:10

Altars:
Cheibriados
Dithmenos
Fedhas
Gozag
Hepliaklqana
Makhleb
Okawaru
Ru
Sif Muna
Trog
Uskayaw
Vehumet
Wu Jian
Xom
Yredelemnul
Zin
The Shining One

Annotations:
D:8 2 transporters


Message History

Found a scroll of identify.
You feel sick.
The black mamba barely misses your crimson imp.
Your crimson imp blinks!
Your white imp hits the black mamba but does no damage.
Your white imp gestures at the black mamba.
The puff of frost hits the black mamba.
You swap places.
You feel sick. The black mamba misses you.
Your white imp closely misses the black mamba.
The electric eel shoots out a bolt of lightning at you!
The bolt of electricity hits you!
* * * LOW HITPOINT WARNING * * *
The bolt of electricity hits the plant!
The plant begins to die.
The black mamba barely misses you.
Your crimson imp closely misses the black mamba.
You hear an angry hiss.
You swap places.
* * * LOW HITPOINT WARNING * * *
You feel sick. The black mamba bites you!
You die...

.. ...P#####
....#....##
(.........#
..[#...#.##
......#5.######
#.5S8......#
#.@5P#...?.#
♣..........#
.≈≈≈.........#
≈;.P≈≈≈.......##
≈≈≈.≈≈≈♣≈####...#
≈≈≈.≈≈≈≈♣♣ ....
≈≈≈.≈≈≈P .#
P≈≈.≈≈≈≈


You could see a black mamba, an electric eel, a friendly guardian golem
(summoned), a friendly crimson imp (summoned, sheltered) and 2 friendly white
imps.

Vanquished Creatures
  Pikel (D:7)
  Grinder (D:5)
  Prince Ribbit (D:8)
  3 hippogriffs
  Sigmund (D:6)
  3 wraiths
  6 yaks (D:10)
  Grum (D:10)
  Menkaure (D:4)
  Edmund (D:6)
  A water moccasin (D:9)
  Duvessa (D:5)
  A sky beast (D:6)
  An orc warrior (D:7)
  An ogre (D:6)
  A black bear (D:8)
  A phantom (D:9)
  2 wolves (D:10)
  5 centaurs
  3 lemures (D:7)
  3 big kobolds
  Blork the orc (D:5)
  3 bullfrogs
  A wyvern zombie (D:9)
  Dowan (D:5)
  3 scorpions
  A howler monkey (D:6)
  4 killer bees
  2 orc priests
  4 jellies
  3 bullfrog skeletons
  A centaur zombie (D:7)
  A hound (D:6)
  2 centaur skeletons
  2 iguanas
  9 orc wizards
  4 worker ants
  A hound zombie (D:8)
  A worker ant zombie (D:10)
  4 gnolls (D:5)
  11 adders
  4 shadow imps
  An ooze (D:2)
  An ufetubus (D:5)
  2 adder skeletons
  5 worms
  2 leopard geckos
  19 orcs
  5 giant cockroaches
  10 goblins
  9 hobgoblins
  7 jackals
  5 quokkas
  5 ball pythons
  11 bats
  2 frilled lizards
  19 kobolds
  A leopard gecko skeleton (D:5)
  2 leopard gecko zombies
  7 rats
215 creatures vanquished.

Vanquished Creatures (collateral kills)
  Josephine (D:9)
  Maggie (D:6)
  A troll (D:9)
  A big kobold (D:8)
  A hound (D:9)
  6 orc wizards
  2 worker ants
  An adder (D:6)
  A white imp (D:9)
  7 orcs
  3 kobolds
25 creatures vanquished.

Vanquished Creatures (others)
  An orc wizard (D:7)
1 creature vanquished.

Grand Total: 241 creatures vanquished

Notes
Turn   | Place    | Note
-------+----------+-------------------------------------------
     0 | D:1      | royokou the Deep Elf Conjurer began the quest for the Orb.
     0 | D:1      | Reached XP level 1. HP: 10/10 MP: 6/6
   290 | D:1      | Reached XP level 2. HP: 15/15 MP: 6/8
   294 | D:1      | Learned a level 2 spell: Searing Ray
   330 | D:1      | Reached skill level 5 in Conjurations
  1008 | D:2      | Reached XP level 3. HP: 19/19 MP: 4/9
  1166 | D:2      | Learned a level 3 spell: Dazzling Flash
  1250 | D:2      | Noticed a bullfrog
  1256 | D:2      | Killed a bullfrog
  1256 | D:2      | Reached skill level 6 in Conjurations
  1256 | D:2      | Reached XP level 4. HP: 10/24 MP: 2/10
  1838 | D:2      | Reached XP level 5. HP: 28/28 MP: 11/11
  1844 | D:2      | Learned a level 4 spell: Iskenderun's Mystic Blast
  2483 | D:3      | Found a basalt altar of Yredelemnul.
  2543 | D:3      | Found a sacrificial altar of Ru.
  2623 | D:3      | Reached skill level 1 in Translocations
  2649 | D:3      | Found an opulent altar of Gozag.
  2655 | D:3      | Found a faded altar of an unknown god.
  2939 | D:4      | Reached skill level 7 in Conjurations
  3102 | D:4      | Reached XP level 6. HP: 32/32 MP: 12/12
  3262 | D:4      | Noticed Menkaure
  3266 | D:4      | Killed Menkaure
  3757 | D:5      | Entered Level 5 of the Dungeon
  3798 | D:5      | Found a shimmering altar of Xom.
  3829 | D:5      | Noticed Grinder
  3832 | D:5      | Paralysed by Grinder for 5 turns
  3840 | D:5      | Killed Grinder
  3840 | D:5      | Reached skill level 8 in Conjurations
  3840 | D:5      | Reached XP level 7. HP: 11/36 MP: 15/15
  4049 | D:4      | Learned a level 4 spell: Fulminant Prism
  4253 | D:5      | Got a jewelled flail
  4467 | D:5      | Noticed Blork the orc
  4473 | D:5      | Killed Blork the orc
  4581 | D:5      | Reached skill level 1 in Shields
  4587 | D:5      | Reached skill level 1 in Fighting
  4705 | D:5      | Reached XP level 8. HP: 43/43 MP: 16/16
  5040 | D:5      | Found a bloodstained altar of Trog.
  5040 | D:5      | Noticed Duvessa
  5041 | D:5      | Found an iron altar of Okawaru.
  5041 | D:5      | Noticed Dowan
  5056 | D:5      | Killed Duvessa
  5058 | D:5      | Killed Dowan
  5076 | D:5      | Learned a level 2 spell: Call Imp
  5243 | D:6      | Reached skill level 5 in Hexes
  5362 | D:6      | Reached skill level 1 in Summonings
  5490 | D:6      | Noticed Edmund
  5512 | D:6      | Killed Edmund
  5661 | D:6      | Found a staircase to the Ecumenical Temple.
  5871 | Temple   | Entered the Ecumenical Temple
  5932 | Temple   | Became a worshipper of Vehumet
  6463 | D:6      | Noticed Sigmund
  6474 | D:6      | Killed Sigmund
  6474 | D:6      | Reached XP level 9. HP: 49/49 MP: 18/18
  6475 | D:6      | Reached skill level 5 in Spellcasting
  6529 | D:6      | Reached skill level 9 in Conjurations
  6795 | D:7      | Noticed Pikel
  6914 | D:7      | Reached skill level 5 in Dodging
  6928 | D:6      | Noticed Maggie
  7226 | D:6      | Killed Maggie
  7557 | D:7      | Killed Pikel
  7684 | D:7      | Reached * piety under Vehumet
  7684 | D:7      | Offered knowledge of Shock by Vehumet.
  8127 | D:7      | Learned a level 3 spell: Summon Guardian Golem
  8293 | D:7      | Found a glowing silver altar of Zin.
  8593 | D:8      | Found a hazy altar of Hepliaklqana.
  8920 | D:8      | Reached XP level 10. HP: 48/56 MP: 22/22
  9055 | D:8      | Found a transporter.
  9454 | D:8      | Noticed Prince Ribbit
  9459 | D:8      | Killed Prince Ribbit
  9889 | D:8      | Found a transporter.
 10207 | D:9      | Found a shadowy altar of Dithmenos.
 10208 | D:9      | Found a shimmering blue altar of Sif Muna.
 10208 | D:9      | Found an ornate altar of the Wu Jian Council.
 10893 | D:9      | Found a hide-covered altar of Uskayaw.
 11030 | D:9      | Found a blossoming altar of Fedhas.
 11101 | D:10     | Entered Level 10 of the Dungeon
 11105 | D:10     | Noticed Josephine
 11121 | D:9      | Reached skill level 10 in Conjurations
 11604 | D:10     | Offered knowledge of Freeze by Vehumet.
 11856 | D:10     | Noticed Grum
 11870 | D:10     | Killed Grum
 11879 | D:10     | Reached ** piety under Vehumet
 12072 | D:10     | Found a staircase to the Orcish Mines.
 12329 | D:10     | Found a staircase to the Lair.
 12751 | D:9      | Killed Josephine
 12751 | D:9      | Reached skill level 5 in Fighting
 12751 | D:9      | Reached skill level 5 in Shields
 13071 | Lair:1   | Entered Level 1 of the Lair of Beasts
 13071 | Lair:1   | Noticed a black mamba
 13080 | Lair:1   | Slain by a black mamba

Illustrated notes

Levels and vault maps discovered:
D:1:      minmay_arrival_widening_spiral_wide, layout_basic
D:2:      layout_loops_ring
D:3:      layout_basic, nicolae_overflow_crystal_walls,
          nicolae_ru_great_annihilating_truth, grunt_gozag_statues,
          chequers_ecumenical_altar_simple, kennysheep_generic_room_10
D:4:      layout_cave_pools, serial_glass, glass_columns_c, glass_columns_a,
          glass_columns_a, uniq_menkaure
D:5:      layout_loops_ring, grunt_temple_overflow_bloody_war,
          overflow_temple_1_default, uniq_blork_the_orc, uniq_duvessa,
          uniq_grinder
D:6:      cheibrodos_thug_alley, layout_loops_cross,
          minmay_temple_entry_proselytizer, uniq_sigmund, uniq_edmund,
          uniq_maggie
D:7:      layout_rooms, zin_scriptorium, uniq_pikel
D:8:      gammafunk_the_bubble [the_bubble_gammafunk_crates], layout_layer_cave,
          lemuel_crystal_altar, uniq_prince_ribbit1
D:9:      layout_rooms, overflow_temple_1_default, fedhas_altar_fruit_tree,
          chequers_temple_overflow_statue_of_worship
D:10:     layout_loops_ring, lair_entry_dummy, orc_0_dummy, uniq_grum,
          uniq_josephine
Temple:   nicolae_temple_figure_zero
Lair:1:   layout_misc_corridors, serial_bayou_lagoon_b

Skill      XL: |  1  2  3  4  5  6  7  8  9 10 |
---------------+-------------------------------+-----
Conjurations   | 5 6 7 8 9 10 | 10.5
Hexes          | 2 3 4 5 |  5.6
Translocations | 1 2 3 4 |  4.0
Spellcasting   | 4 6 8 |  8.6
Dodging        | 3 4 6 8 |  8.0
Shields        | 1 2 3 5 |  5.1
Fighting       | 1 2 3 5 |  5.1
Summonings     | 2 4 |  4.2
Stealth        | |  2.4

Action                   |  1- 3 |  4- 6 |  7- 9 | 10-12 || total
-------------------------+-------+-------+-------+-------++-------
Melee: Short sword       |       |     8 |       |       ||     8
       Whip              |       |     6 |       |       ||     6
       Broad axe         |       |       |    69 |    33 ||   102
 Cast: Magic Dart        |    45 |    43 |   105 |    49 ||   242
       Searing Ray       |     5 |    31 |    59 |    32 ||   127
       Call Imp          |       |       |    59 |    42 ||   101
       Summon Guardian G |       |       |     3 |    14 ||    17
       Dazzling Flash    |       |       |     2 |     2 ||     4
       Iskenderun's Myst |       |       |     1 |     4 ||     5
  Use: Potion            |       |       |     6 |     2 ||     8
       Scroll            |       |       |       |    20 ||    20
Armor: Robe              |     1 |     3 |    13 |       ||    17
       Steam dragon scal |       |       |    27 |    37 ||    64
       Skin              |       |       |     1 |       ||     1
Dodge: Dodged            |     3 |    21 |   161 |   112 ||   297

Table legend: (Time is in decaauts)
 A = Elapsed time spent in this place.
 B = Non-inter-level travel time spent in this place.
 C = Inter-level travel time spent in this place.
 D = Time resting spent in this place.
 E = Time spent auto-exploring this place.
 F = Levels seen in this place.
 G = Mean time per level.
                   A        B        C        D        E       F      G
               +--------+--------+--------+--------+--------+-----+--------+
         Total |  13168 |  12859 |    309 |   2853 |   7716 |  12 | 1097.3 |
       Dungeon |  13085 |  12788 |    297 |   2853 |   7679 |  10 | 1308.5 |
        Temple |     73 |     61 |     12 |      0 |     37 |   1 |   73.0 |
          Lair |      8 |      8 |      0 |      0 |      0 |   1 |    8.0 |
               +--------+--------+--------+--------+--------+-----+--------+

Top non-repeatable levels by time:
     D:6: 2142 daAuts
     D:9: 1906 daAuts
     D:8: 1803 daAuts
     D:5: 1330 daAuts
     D:2: 1229 daAuts
     D:7: 1091 daAuts
     D:4: 1025 daAuts
     D:1: 1003 daAuts
    D:10: 890 daAuts
     D:3: 663 daAuts
  Temple: 73 daAuts
  Lair:1: 8 daAuts
